 Dungeon Crawl Stone Soup version 0.20.1-1-g8b1a95d (webtiles) character file.

9912 Kingsmith the Arsonist (level 11, -6/67 (68) HPs)
             Began as a Deep Elf Venom Mage on Dec 8, 2017.
             Mangled by a two-headed ogre
             ... wielding a +0 giant club
              (23 damage)
             ... on level 9 of the Dungeon.
             The game lasted 01:03:31 (15914 turns).

Kingsmith the Arsonist (Deep Elf Venom Mage)       Turns: 15914, Time: 01:03:31

HP:   -6/67 (68)    AC:  4    Str:  7    XL:     11   Next: 29%
MP:   2/24          EV: 17    Int: 24    God:
Gold: 438           SH:  0    Dex: 15    Spells: 1/24 levels left

rFire    . . .     SeeInvis .   L - +11 flail of Oshurr {drain, Int+2}
rCold    . . .     Gourm    .   (no shield)
rNeg     . . .     Faith    .   a - +0 robe
rPois    .         Spirit   .   (no helmet)
rElec    .         Reflect  .   (no cloak)
rCorr    .         Harm     .   n - +0 pair of gloves
MR       +....                  p - +0 pair of boots
Stlth    ++........             (no amulet)
Regen    0.3/turn               K - ring of flight
MPRegen  0.2/turn               (no ring)

@: hasted (expiring), very quick
A: no striking features
a: Evoke Flight


You were on level 9 of the Dungeon.
You were not hungry.

You visited 2 branches of the dungeon, and saw 11 of its levels.

You collected 564 gold pieces.
You spent 126 gold pieces at shops.

Inventory:

Hand Weapons
 L - the +11 flail of Oshurr (weapon) {drain, Int+2}
   (You took it off an orc warrior on level 8 of the Dungeon)

   A truly terrible weapon, it drains the life of those it strikes.
   It affects your intelligence (+2).
Armour
 a - a +0 robe (worn)
 n - a +0 pair of gloves (worn)
 p - a +0 pair of boots (worn)
Jewellery
 y - an uncursed ring of ice
 H - an uncursed amulet of the gourmand
 I - an uncursed ring of fire
 K - a ring of flight (left hand)
 N - the amulet of Iregigg {-Tele Regen+ Str+5}
   (You found it on level 8 of the Dungeon)

   [amulet of regeneration]

   It affects your strength (+5).
   It prevents most forms of teleportation.
   It increases your rate of regeneration.
Wands
 s - a wand of polymorph (18/24)
 E - a wand of paralysis (4/24)
Scrolls
 g - a scroll of torment {unknown}
 j - a scroll of magic mapping
 k - a scroll of teleportation
 q - 3 scrolls of fog
 u - a scroll of fear {unknown}
 B - 4 scrolls of remove curse
 J - a scroll of enchant weapon {unknown}
Potions
 d - 9 potions of curing
 e - a potion of brilliance {unknown}
 i - 2 potions of mutation
 l - a potion of lignification
 m - a potion of flight
 t - a potion of ambrosia {unknown}
 w - 3 potions of might
 z - 2 potions of magic {unknown}
 A - 2 potions of haste
 D - 3 potions of agility {unknown}
Books
 b - a Young Poisoner's Handbook

   Spells                             Type                      Level
   a - Sting                          Conjuration/Poison           1
   b - Poisonous Vapours              Poison/Air                   2
   c - Mephitic Cloud                 Conjuration/Poison/Air       3
   d - Olgreb's Toxic Radiance        Poison                       4
   e - Venom Bolt                     Conjuration/Poison           5
 r - a book of Minor Magic

   Spells                             Type                      Level
   a - Magic Dart                     Conjuration                  1
   b - Blink                          Translocation                2
   c - Call Imp                       Summoning                    2
   d - Slow                           Hexes                        2
   e - Conjure Flame                  Conjuration/Fire             3
   f - Mephitic Cloud                 Conjuration/Poison/Air       3
 F - a book of Maledictions

   Spells                             Type                      Level
   a - Corona                         Hexes                        1
   b - Ensorcelled Hibernation        Hexes/Ice                    2
   c - Confuse                        Hexes                        3
   d - Tukima's Dance                 Hexes                        3
   e - Dazzling Spray                 Conjuration/Hexes            3
 G - a book of Flames

   Spells                             Type                      Level
   a - Flame Tongue                   Conjuration/Fire             1
   b - Throw Flame                    Conjuration/Fire             2
   c - Conjure Flame                  Conjuration/Fire             3
   d - Inner Flame                    Hexes/Fire                   3
   e - Sticky Flame                   Conjuration/Fire             4
   f - Fireball                       Conjuration/Fire             5
 M - a book of Callings

   Spells                             Type                      Level
   a - Summon Small Mammal            Summoning                    1
   b - Call Imp                       Summoning                    2
   c - Call Canine Familiar           Summoning                    3
   d - Summon Guardian Golem          Hexes/Summoning              3
   e - Summon Lightning Spire         Summoning/Air                4
   f - Summon Ice Beast               Ice/Summoning                4
Comestibles
 c - 9 bread rations
 f - 8 royal jellies
 h - 6 meat rations
 o - 6 fruits


   Skills:
 - Level 8.1 Fighting
 - Level 8.0 Dodging
 - Level 2.4 Stealth
 - Level 7.3 Spellcasting
 - Level 6.0 Conjurations
 - Level 5.3 Hexes
 - Level 4.3 Summonings
 - Level 4.0 Translocations
 + Level 8.9 Fire Magic
 - Level 3.0 Air Magic
 - Level 3.2 Poison Magic


You had one spell level left.
You knew the following spells:

 Your Spells              Type           Power        Failure   Level  Hunger
a - Magic Dart            Conj           ####         1%          1    None
b - Poisonous Vapours     Pois/Air       ###...       2%          2    None
c - Mephitic Cloud        Conj/Pois/Air  ####....     3%          3    None
d - Conjure Flame         Conj/Fire      #####...     1%          3    None
e - Blink                 Tloc           N/A          1%          2    None
f - Slow                  Hex            ####....     1%          2    None
g - Confuse               Hex            ####....     2%          3    None
h - Call Canine Familiar  Summ           ####....     3%          3    None
i - Sticky Flame          Conj/Fire      #####...     3%          4    ###....


Dungeon Overview and Level Annotations

Branches:
Dungeon (10/15)            Temple (1/1) D:4            Lair (0/6) D:8
    Orc: D:9-12

Altars:
Ashenzari
Cheibriados
Dithmenos
Elyvilon
Fedhas
Gozag
Hepliaklqana
Makhleb
Nemelex Xobeh
Okawaru
Qazlal
Ru
Uskayaw
Xom
Yredelemnul
Zin
The Shining One

Shops:
D:4 (   D:5 %   D:7 %*:!

Annotations:
D:5 Food Shop
D:6 Kingsmith's ghost, novice TrMo
D:7 Food Shop, Party Tricks 700 gp, Book of Dreams 1050 gp
D:9 Vodalian's ghost, novice MiBe


Message History

Poisonous vapours surround the two-headed ogre!
The two-headed ogre is engulfed in poison gas.
The two-headed ogre is poisoned.
Casting: Poisonous Vapours
Confirm with . or Enter, or press ? or * to list all spells.
Aiming: Poisonous Vapours
Press: ? - help, Dir - move target cursor, f/p - two-headed ogre
Aim: a two-headed ogre, wielding two giant clubs (almost dead, poisoned) Poisonous vapours surround the two-headed ogre!
The two-headed ogre is engulfed in poison gas.
The two-headed ogre looks even sicker.
There is an open door here.
You close the door.
A two-headed ogre opens the door.
Your extra speed is starting to run out.
You hit the two-headed ogre.
The two-headed ogre is almost dead.
The two-headed ogre looks more healthy.
The two-headed ogre hits you with a giant club!!
You die...

#.......#...#.....
##.....##...##....
##...###...# #...
##### #...# ####
##...###...###...
##.....##O..##....
#.......#...#.....
#.......'...'....(
#@OZ....#...#.....
##.....##...##.... ..#
##...###..Z###...
#..#### ##### #...#
#### #..... ..#
##...###...###...
#....
...###.....##...##....
###.$#
#...#.......#...#.....
.....#
#...#.......'...'.....
.....#
#..##.......#...#.....


You could see a two-headed ogre and a worker ant zombie.

Vanquished Creatures
  A two-headed ogre (D:9)
  Urug (D:10)
  Pikel (D:5)
  A centaur skeleton (D:10)
  Joseph (D:8)
  Psyche (D:10)
  A troll (D:10)
  3 hornets
  Prince Ribbit (D:7)
  A wraith (D:10)
  2 basilisks (D:8)
  5 yaks
  A wyvern (D:10)
  4 hogs
  A human (D:7)
  A steam dragon (D:10)
  2 hungry ghosts
  An acid dragon (D:8)
  2 water moccasins
  4 porcupines
  2 black bears
  2 ice beasts
  2 sky beasts
  3 slaves
  3 orc warriors
  A phantom (D:9)
  A necrophage (D:10)
  An ogre (D:6)
  A crocodile (D:8)
  A centaur (D:7)
  A big kobold (D:10)
  4 bullfrogs
  A wyvern zombie (D:9)
  2 jellies
  A scorpion (D:5)
  7 killer bees
  5 wights (D:10)
  2 howler monkeys
  A crimson imp (D:5)
  4 hounds
  2 orc priests (D:8)
  A bullfrog skeleton (D:3)
  7 orc wizards
  4 iguanas
  Jessica (D:3)
  9 worker ants
  2 hound skeletons
  4 gnolls (D:4)
  A howler monkey skeleton (D:9)
  10 adders
  A shadow imp (D:5)
  An ooze (D:5)
  An adder skeleton (D:5)
  3 worms
  4 dart slugs
  10 leopard geckos
  28 orcs
  6 giant cockroaches
  10 goblins
  2 hobgoblins
  6 jackals (D:2)
  4 quokkas
  7 bats
  9 frilled lizards
  A giant cockroach zombie (D:5)
  11 kobolds
  A quokka skeleton (D:7)
  5 rats
231 creatures vanquished.

Vanquished Creatures (collateral kills)
  A jelly (D:10)
  An orc wizard (D:9)
  2 orcs (D:9)
4 creatures vanquished.

Vanquished Creatures (others)
  A slave (D:6)
  A leopard gecko (D:6)
  3 plants (D:8)
5 creatures vanquished.

Grand Total: 240 creatures vanquished

Notes
Turn   | Place    | Note
-------+----------+-------------------------------------------
     0 | D:1      | Kingsmith the Deep Elf Venom Mage began the quest for the Orb.
     0 | D:1      | Reached XP level 1. HP: 10/10 MP: 6/6
     1 | D:1      | Noticed an electric eel
   246 | D:1      | Reached XP level 2. HP: 14/15 MP: 5/8
   363 | D:1      | Learned a level 2 spell: Poisonous Vapours
   617 | D:2      | Found a shimmering altar of Xom.
   816 | D:2      | Found a burning altar of Makhleb.
  1002 | D:2      | Reached XP level 3. HP: 19/19 MP: 11/11
  1010 | D:2      | Reached skill level 5 in Spellcasting
  1282 | D:2      | Learned a level 3 spell: Mephitic Cloud
  1327 | D:2      | Reached skill level 1 in Air Magic
  1494 | D:2      | Reached XP level 4. HP: 16/24 MP: 8/13
  1968 | D:3      | Noticed Jessica
  1974 | D:3      | Killed Jessica
  2373 | D:3      | Reached XP level 5. HP: 6/28 MP: 12/14
  3042 | D:3      | Found a basalt altar of Yredelemnul.
  3064 | D:3      | Found a glowing golden altar of the Shining One.
  3066 | D:3      | Noticed an angel
  3313 | D:4      | Learned a level 2 spell: Blink
  3315 | D:4      | Learned a level 1 spell: Magic Dart
  3319 | D:4      | Learned a level 3 spell: Conjure Flame
  3322 | D:4      | Learned a level 2 spell: Slow
  3665 | D:4      | Reached XP level 6. HP: 32/32 MP: 0/17
  3840 | D:4      | Found a staircase to the Ecumenical Temple.
  4060 | D:4      | Found Ugoqom's Antique Weapon Shop.
  4097 | D:4      | Reached skill level 1 in Fire Magic
  4100 | D:4      | Reached skill level 1 in Translocations
  4232 | D:4      | Found a sparkling altar of Nemelex Xobeh.
  4562 | D:5      | Entered Level 5 of the Dungeon
  4562 | D:5      | Found Itikhigu's Food Shoppe.
  4673 | D:5      | Found a shattered altar of Ashenzari.
  4693 | D:5      | Noticed an ice beast
  4799 | Temple   | Entered the Ecumenical Temple
  5547 | D:5      | Found a white marble altar of Elyvilon.
  5655 | D:5      | Reached XP level 7. HP: 36/36 MP: 4/18
  5862 | D:5      | Noticed a hornet
  5868 | D:5      | Paralysed by a hornet for 1 turns
  5871 | D:5      | Killed a hornet
  6005 | D:6      | Noticed Pikel
  6327 | D:6      | Reached skill level 1 in Fighting
  6331 | D:6      | Noticed Kingsmith's ghost (novice TrMo)
  6367 | D:5      | Killed Pikel
  6367 | D:5      | Reached XP level 8. HP: 37/48 MP: 0/19
  7138 | D:6      | Reached skill level 5 in Fighting
  7362 | D:6      | Learned a level 3 spell: Confuse
  7858 | D:7      | Found a sacrificial altar of Ru.
  8093 | D:7      | Found Haruo's Book Boutique.
  8102 | D:7      | Found Caraj's Assorted Antiques.
  8162 | D:7      | Noticed Prince Ribbit
  8169 | D:7      | Killed Prince Ribbit
  8169 | D:7      | Reached XP level 9. HP: 36/55 MP: 7/22
  8181 | D:7      | Learned a level 4 spell: Sticky Flame
  8211 | D:7      | Found Poodyng's Food Shop.
  8707 | D:7      | Found Pugappoy's Distillery.
  8710 | D:7      | Bought a potion of heal wounds for 70 gold pieces
  8710 | D:7      | Bought a potion of might for 56 gold pieces
  8928 | D:6      | Reached skill level 5 in Conjurations
  9180 | D:7      | Reached skill level 5 in Fire Magic
  9584 | D:8      | Found a staircase to the Lair.
  9621 | D:7      | Reached skill level 5 in Dodging
  9889 | D:8      | Found a sparkling altar of Nemelex Xobeh.
 10169 | D:8      | Reached XP level 10. HP: 51/60 MP: 7/23
 10593 | D:8      | HP: 2/60 [orc warrior/tomahawk (15)]
 10601 | D:8      | Got a warped flail {drain}
 10778 | D:8      | Learned a level 3 spell: Call Canine Familiar
 10783 | D:8      | Found a glowing silver altar of Zin.
 10783 | D:8      | Noticed Joseph
 10798 | D:8      | Killed Joseph
 11036 | D:8      | Reached skill level 5 in Hexes
 11114 | D:8      | Got a faintly glowing iron amulet
 11154 | D:8      | Reached skill level 1 in Summonings
 12372 | D:9      | Noticed Vodalian's ghost (novice MiBe)
 12394 | D:10     | Entered Level 10 of the Dungeon
 12515 | D:10     | Noticed Psyche
 12529 | D:10     | Killed Psyche
 12997 | D:10     | Noticed Urug
 13023 | D:10     | Killed Urug
 13243 | D:10     | Identified the +11 flail of Oshurr {drain, Int+2} (You took it off an orc warrior on level 8 of the Dungeon)
 13519 | D:10     | Identified the amulet of Iregigg {-Tele Regen+ Str+5} (You found it on level 8 of the Dungeon)
 13775 | D:10     | Reached XP level 11. HP: 61/68 MP: 14/24
 15713 | D:9      | Noticed a two-headed ogre
 15748 | D:9      | Killed a two-headed ogre
 15838 | D:9      | Noticed a two-headed ogre
 15914 | D:9      | Mangled by a two-headed ogre

Skill      XL: |  1  2  3  4  5  6  7  8  9 10 11 |
---------------+----------------------------------+-----
Spellcasting   | 4 5 6 7 |  7.3
Air Magic      | 1 3 |  3.0
Conjurations   | 2 3 6 |  6.0
Fire Magic     | 2 4 6 8 |  8.9
Translocations | 2 4 |  4.0
Hexes          | 2 5 |  5.3
Fighting       | 4 6 8 |  8.1
Dodging        | 6 8 |  8.0
Summonings     | 4 |  4.3
Stealth        | |  2.4
Poison Magic   | |  3.2

Action                   |  1- 3 |  4- 6 |  7- 9 | 10-12 || total
-------------------------+-------+-------+-------+-------++-------
Melee: Dagger            |     5 |    35 |     4 |       ||    44
       Spear             |    27 |    18 |       |       ||    45
       Whip              |       |       |    24 |    57 ||    81
       Flail             |       |       |       |    66 ||    66
 Cast: Sting             |    49 |     6 |       |       ||    55
       Poisonous Vapours |    16 |    96 |   150 |   119 ||   381
       Magic Dart        |       |    50 |    86 |   153 ||   289
       Conjure Flame     |       |     3 |     7 |     8 ||    18
       Blink             |       |     1 |     8 |    10 ||    19
       Mephitic Cloud    |       |       |     4 |    14 ||    18
       Confuse           |       |       |     4 |    10 ||    14
       Call Canine Famil |       |       |       |    20 ||    20
       Sticky Flame      |       |       |       |     8 ||     8
  Use: Scroll            |       |     9 |     7 |     9 ||    25
       Potion            |       |       |     2 |     4 ||     6
 Stab: Sleeping          |     1 |       |       |     1 ||     2
       Confused          |       |       |       |     2 ||     2
  Eat: Chunk             |     2 |    10 |    13 |    15 ||    40
       Fruit             |       |     1 |     2 |     3 ||     6
       Meat ration       |       |       |       |     1 ||     1
Armor: Robe              |     4 |     8 |    10 |    20 ||    42
       Skin              |       |       |     2 |       ||     2
Dodge: Dodged            |    25 |    52 |    91 |   198 ||   366
